 Dungeon Crawl Stone Soup version 0.14-a0-2443-g5aee772 (webtiles) character file.

417 Psiweapon the Chucker (level 6, -2/65 HPs)
             Began as an Ogre Hunter on Feb 5, 2014.
             Was an Initiate of Okawaru.
             Slain by darksquall's ghost (8 damage)
             ... on Level 4 of the Dungeon.
             The game lasted 00:12:39 (3176 turns).

Psiweapon the Chucker (Ogre Hunter)                 Turns: 3176, Time: 00:12:39

HP  -2/65        AC  5     Str 20      XL: 6   Next: 26%
MP  15/15        EV 10     Int 10      God: Okawaru [......]
Gold 138         SH  0     Dex 10      Spells:  0 memorised,  5 levels left

rFire  . . .     SeeInvis .     w - +0 mace
rCold  . . .     Clarity  .     d - +0 animal skin
rNeg   . . .     Conserve +     (shield restricted)
rPois  .         rCorr    .     (helmet restricted)
rElec  .         rRot     .     v - +1 dwarf cloak
SustAb . .       Spirit   .     (gloves unavailable)
rMut   .         Warding  .     (boots unavailable)
Saprov + . .     Stasis   .     k - amulet of conservation
MR     .....                    (no ring)
                                l - ring of magical power

@: not resistant to hostile enchantments, unstealthy
A: unfitting armour, fast metabolism 1, saprovore 1, tough skin 1
a: Renounce Religion


You were on level 4 of the Dungeon.
You worshipped Okawaru.
Okawaru was noncommittal.
You were not hungry.

You visited 1 branch of the dungeon, and saw 4 of its levels.

You collected 138 gold pieces.

Inventory:

Hand weapons
 a - a +1,+1 club
 j - a +0,+0 whip
 w - a +0,+0 mace (weapon)
 y - a +2,+4 orcish dagger
Missiles
 c - a throwing net (quivered)
 r - 5 steel darts
Armour
 d - a +0 animal skin (worn)
 e - a +0 dwarven large shield
 v - a +1 dwarven cloak (worn)
Magical devices
 h - a wand of confusion (6)
Comestibles
 f - 2 meat rations
 i - a bread ration
 m - a rotting chunk of adder flesh
 u - 2 chunks of orc flesh
 C - a rotting chunk of bat flesh
 E - 2 rotting chunks of goblin flesh
 F - a rotting chunk of hound flesh
 G - a chunk of bat flesh
Scrolls
 g - 2 scrolls of remove curse
 o - a scroll of teleportation
 q - a scroll of blinking
 s - a scroll of enchant armour {unknown}
 x - a scroll of curse weapon {unknown}
 z - a scroll of enchant weapon I {unknown}
 D - a scroll of fear {unknown}
Jewellery
 k - an amulet of conservation (around neck)
 l - a ring of magical power (left hand)
 t - an uncursed ring of hunger
 B - an uncursed amulet of stasis {unknown}
Potions
 n - a potion of poison {unknown}
 p - a potion of cure mutation {unknown}
 A - a potion of resistance {unknown}


   Skills:
 + Level 4.9 Fighting
 + Level 4.5 Maces & Flails
 + Level 5.3 Throwing
 + Level 3.1 Dodging
 - Level 0.7 Stealth


You had 5 spell levels left.
You didn't know any spells.

Dungeon Overview and Level Annotations

Branches:
Dungeon (4/16)
 Temple: D:4-7

Altars:
Okawaru

Annotations:
D:3 Sigmund
D:4 darksquall's ghost, average OgAK


Innate Abilities, Weirdness & Mutations

You are too large for most types of armour.
You have a fast metabolism.
You can tolerate rotten meat.
You have tough skin (AC +1).


Message History

Darksquall's ghost closely misses you.
You closely miss darksquall's ghost.
Darksquall's ghost is severely damaged.
Darksquall's ghost whispers, "Soon you will have time, lots of time..."
Darksquall's ghost hits you!
You barely miss darksquall's ghost.
Darksquall's ghost is severely damaged.
Darksquall's ghost hits you!
You hit darksquall's ghost.
Darksquall's ghost is severely damaged.
Darksquall's ghost hits you. Darksquall's ghost hits you!
* * * LOW HITPOINT WARNING * * *
You closely miss darksquall's ghost.
Darksquall's ghost is severely damaged.
Darksquall's ghost hits you.
* * * LOW HITPOINT WARNING * * *
You hit darksquall's ghost but do no damage.
Darksquall's ghost is severely damaged.
Darksquall's ghost hits you!
You die...

... ..# #.##.####
#.#####.........
#..........#######.
#######.<........#.#
##.#######.#.# #.##
#<#.# #..## #.#.#
#..@# #.#.# #.p##
#.#.# #.(# #.#.#
######.(######...##
#.................#
#.####..%...##...##
##.###....#(........
#####.######...#######
#.........###.##


You could see darksquall's ghost.

Vanquished Creatures
  2 orc priests (D:4)
  A hound (D:4)
  An orc wizard (D:4)
  Ijyb (D:3)
  Jessica (D:2)
  3 adders (D:4)
  A giant mite (D:4)
  2 worms
  A giant eyeball (D:4)
  2 orcs
  10 bats
  4 giant cockroaches
  10 hobgoblins
  21 jackals
  A quokka (D:3)
  6 giant newts
  5 goblins
  9 kobolds
  7 rats
  A rat skeleton (D:4)
89 creatures vanquished.

Notes
Turn   | Place    | Note
--------------------------------------------------------------
     0 | D:1      | Psiweapon, the Ogre Hunter, began the quest for the Orb.
     0 | D:1      | Reached XP level 1. HP: 22/22 MP: 1/1
   135 | D:1      | Reached XP level 2. HP: 21/31 MP: 2/2
   879 | D:1      | Reached XP level 3. HP: 28/37 MP: 3/3
  1561 | D:2      | Noticed Jessica
  1578 | D:2      | Killed Jessica
  1589 | D:2      | Reached XP level 4. HP: 27/48 MP: 4/4
  2011 | D:2      | Found an iron altar of Okawaru.
  2056 | D:2      | Became a worshipper of Warmaster Okawaru
  2424 | D:3      | Upgraded the game from 0.14-a0-2432-g6b3afca to 0.14-a0-2443-g5aee772
  2566 | D:3      | Noticed Ijyb
  2569 | D:3      | Killed Ijyb
  2583 | D:3      | Reached XP level 5. HP: 34/54 MP: 5/5
  2648 | D:3      | Noticed Sigmund
  2812 | D:4      | Paralysed by a giant eyeball for 3 turns
  2840 | D:4      | Reached skill level 5 in Throwing
  2974 | D:4      | Reached XP level 6. HP: 48/65 MP: 6/6
  3167 | D:4      | Noticed darksquall's ghost (average OgAK)
  3176 | D:4      | Slain by darksquall's ghost

Action                   |  1- 3 |  4- 6 || total
-------------------------+-------+-------++-------
Melee: Club              |   114 |   197 ||   311
       Mace              |       |     5 ||     5
Throw: Dart              |    18 |    11 ||    29
       Large rock        |     1 |    17 ||    18
       Throwing net      |       |     1 ||     1
  Use: Potion            |     1 |       ||     1
       Scroll            |       |     6 ||     6
 Stab: Sleeping          |       |     1 ||     1
